 Dungeon Crawl Stone Soup version 0.30.2 (webtiles) character file.

Game seed: 9544639430517654008

11 porpoise the Caller (level 2, -1/15 HPs)
             Began as a Tengu Summoner on Feb 14, 2024.
             Slain by a ball python (2 damage)
             ... on level 1 of the Dungeon.
             The game lasted 00:01:52 (569 turns).

porpoise the Caller (Tengu Summoner)                 Turns: 569, Time: 00:01:56

Health: -1/15      AC:  2    Str:  8    XL:     2   Next: 25%
Magic:  5/6        EV:  9    Int: 15    God:
Gold:   40         SH:  0    Dex: 14    Spells: 4/5 levels left

rFire   . . .        a - +0 dagger
rCold   . . .        (no shield)
rNeg    . . .        d - +0 robe
rPois   .            (helmet restricted)
rElec   .            (no cloak)
rCorr   .            (no gloves)
SInv    .            (boots unavailable)
Will    .....        (no amulet)
Stlth   ++           (no ring)
HPRegen 0.22/turn    (no ring)
MPRegen 0.10/turn

%: no passive effects
@: brilliant, constricted
A: beak, talons 3
a: no special abilities


You were on level 1 of the Dungeon.
You visited 1 branch of the dungeon, and saw 1 of its levels.

You collected 40 gold pieces.

Inventory:

Hand Weapons
 a - a +0 dagger (weapon)
Missiles
 e - 6 boomerangs
Armour
 d - a +0 robe (worn)
Scrolls
 c - a scroll of blinking {unknown}
Potions
 b - a potion of magic
 g - a potion of flight {unknown}


   Skills:
 - Level 2.1 Dodging
 - Level 2.0 Stealth
 + Level 2.3 Spellcasting
 + Level 5.1 Summonings


You had 4 spell levels left.
You knew the following spells:

 Your Spells              Type           Power      Damage    Failure   Level
a - Summon Small Mammal   Summ           100%       N/A       2%          1

Your spell library contained the following spells:

 Spells                   Type           Power      Damage    Failure   Level
 Call Imp                 Summ           52%        N/A       3%          2
 Call Canine Familiar     Summ           26%        N/A       8%          3
 Summon Guardian Golem    Hex/Summ       14%        N/A       22%         3
 Summon Lightning Spire   Summ/Air       14%        N/A       58%         4


Dungeon Overview and Level Annotations

Branches:
Dungeon (1/15)

Altars:


Innate Abilities, Weirdness & Mutations

You have a beak for a mouth.
You have claws for feet.


Message History

The goblin hits you but does no damage.
Casting: Summon Small Mammal (safe; 2% risk of failure)
Confirm with . or Enter, or press ? or * to list all spells.
The goblin hits you with a +0 dagger.
Casting: Summon Small Mammal (safe; 2% risk of failure)
Confirm with . or Enter, or press ? or * to list all spells.
The goblin closely misses you.
Your bat misses the goblin. The goblin misses your bat.
You swap places.
A quokka comes into view.
The goblin hits you with a +0 dagger.
You hit the goblin.
The goblin is severely wounded.
The goblin hits you with a +0 dagger.
Your bat closely misses the goblin.
The goblin hits you with a +0 dagger.
Your bat hits the goblin.
The goblin dies!
The quokka completely misses your bat. The quokka bites you.
You see here a +0 dagger.
You are too injured to fight recklessly!
The quokka bites you.
* * * LOW HITPOINT WARNING * * *
Your bat misses the quokka.
The ball python hisses angrily.
You completely miss the ball python. Your peck misses the ball python.
Your punch misses the ball python. Your bat misses the quokka.
The quokka closely misses you.
Your bat misses the quokka. The ball python bites you.
* * * LOW HITPOINT WARNING * * *
The ball python misses you.
Your quokka closely misses the quokka.
The quokka closely misses you.
Your bat barely misses the quokka.
It was a potion of brilliance.
You feel clever all of a sudden.
Your quokka closely misses the quokka.
The ball python misses you. The ball python grabs you.
The ball python constricts you. The quokka barely misses you.
Your quokka bites the quokka but does no damage.
The ball python bites you.
You die...

# .. # #.# .# ## ##
...## ...#..##. #. #.#.
.#.#.# #.# #. ...# .#...
#.#####. # #..
.#.#.###.#.....
#...##.##b..#..##.#..†..
#...S@r.#.#.###.#..>..
..##.###r##...#.........
#...........#.#.........
##.###.###.##........###
...........#......###
#.###.###.##......#.' ##
## #.#.+........#
#.###......#.# #.#
#......#.#


You could see a quokka (ally target), a ball python, a friendly quokka
(summoned) and a friendly bat (summoned).

Vanquished Creatures
  2 ball pythons (D:1)
2 creatures vanquished.

Vanquished Creatures (collateral kills)
  A ball python (D:1)
  An endoplasm (D:1)
  2 goblins (D:1)
  A kobold (D:1)
  A quokka (D:1)
  A frilled lizard (D:1)
  A rat (D:1)
8 creatures vanquished.

Grand Total: 10 creatures vanquished

Notes
Turn   | Place    | Note
-------+----------+-------------------------------------------
     0 | D:1      | porpoise the Tengu Summoner began the quest for the Orb.
     0 | D:1      | Reached XP level 1. HP: 10/10 MP: 4/4
   199 | D:1      | Reached skill level 5 in Summonings
   376 | D:1      | Reached XP level 2. HP: 14/15 MP: 1/6
   569 | D:1      | Slain by a ball python

Illustrated notes

Levels and vault maps discovered:
D:1:      ncdulo_halloftheorcs, layout_basic, nicolae_hexahallways,
          nicolae_concentric_dashed_squares_mild, minmay_shallow_snake_nest

Skill      XL: |  1 |
---------------+----+-----
Summonings     | 5 |  5.1
Dodging        | |  2.1
Stealth        | |  2.0
Spellcasting   | |  2.3

Action                     || total
---------------------------++-------
  Melee: Dagger            ||     4
         Kick              ||     2
   Cast: Summon Small Mamm ||    20
    Use: Potion            ||     1
 Armour: Robe              ||     1
  Dodge: Dodged            ||    11
